 Dungeon Crawl Stone Soup version 0.28-a0-863-g8cecda6153 (webtiles) character file.

Game seed: 8198502524519421949

1705 Froggeryz the Basher (level 9, -8/47 HPs)
             Began as a Gargoyle Enchanter on Nov 18, 2021.
             Was an Initiate of Okawaru.
             Mangled by a two-headed ogre (21 damage)
             ... on level 6 of the Dungeon.
             The game lasted 00:09:19 (8332 turns).

Froggeryz the Basher (Gargoyle Enchanter)           Turns: 8332, Time: 00:09:20

Health: -8/47      AC: 18    Str: 21    XL:     9   Next: 3%
Magic:  12/12      EV: 11    Int: 16    God:    Okawaru [......]
Gold:   333        SH:  0    Dex: 10    Spells: 12/12 levels left

rFire   . . .      SeeInvis .   b - +0 mace (drain)
rCold   . . .      Faith    .   (no shield)
rNeg    + . .      Spirit   .   j - +3 ring mail
rPois   ∞          Reflect  .   i - +0 helmet
rElec   +          Harm     .   l - +0 cloak
rCorr   .          Rampage  .   (no gloves)
Will    .....                   g - +0 pair of boots
Stlth   +.........              p - amulet of regeneration
HPRegen 1.15/turn               d - +6 ring of strength
MPRegen 0.13/turn               q - ring of flight

@: flying, invisible
A: sickness immunity, AC +6, negative energy resistance 1, electricity
resistance, torment resistance 1, petrification resistance
a: Renounce Religion


You were on level 6 of the Dungeon.
You worshipped Okawaru.
Okawaru was noncommittal.
You visited 2 branches of the dungeon, and saw 7 of its levels.

You collected 379 gold pieces.
You spent 46 gold pieces at shops.

Inventory:

Hand Weapons
 b - a +0 mace of draining (weapon)
 f - a +1 hunting sling of flaming
Missiles
 a - 3 boomerangs (quivered)
 k - 95 stones
 n - 39 sling bullets
Armour
 g - a +0 pair of boots (worn)
 i - a +0 helmet (worn)
 j - a +3 ring mail (worn)
 l - a +0 cloak (worn)
Jewellery
 d - a +6 ring of strength (left hand)
 p - an amulet of regeneration (around neck)
 q - a ring of flight (right hand)
Wands
 r - a wand of flame (18)
Scrolls
 e - a scroll of identify
 h - a scroll of enchant armour
 t - a scroll of immolation
 v - a scroll of teleportation
 w - 3 scrolls of amnesia {unknown}
 x - a scroll of magic mapping {unknown}
 y - a scroll of torment {unknown}
Potions
 m - a potion of might {unknown}
 o - 2 potions of curing
 s - a potion of brilliance {unknown}
 u - a potion of flight {unknown}


   Skills:
 - Level 1.0 Fighting
 - Level 0.8 Short Blades
 * Level 9.5 Maces & Flails
 + Level 4.6 Throwing
 - Level 2.1 Armour
 - Level 1.5 Dodging
 - Level 3.2 Stealth
 - Level 2.0 Spellcasting
 - Level 2.6 Hexes


You had 12 spell levels left.
You didn't know any spells.
Your spell library contained the following spells:

 Spells                   Type           Power      Damage    Failure   Level
 Slow                     Hex            40%        N/A       11%         1
 Ensorcelled Hibernation  Hex/Ice        10%        N/A       28%         2
 Beastly Appendage        Tmut           2%         N/A       32%         1
 Confusing Touch          Hex            10%        N/A       32%         3
 Dazzling Flash           Conj/Hex       10%        N/A       50%         3
 Gell's Gravitas          Tloc           1%         N/A       69%         3
 Spider Form              Tmut/Pois      1%         N/A       69%         3
 Teleport Other           Tloc           1%         N/A       69%         3
 Vampiric Draining        Necr           1%         2d6       69%         3
 Dispersal                Tloc           0%         N/A       100%        6
 Tukima's Dance           Hex            Unusable   N/A       N/A         3

Dungeon Overview and Level Annotations

Branches:
Dungeon (6/15)             Temple (1/1) D:5

Altars:
Ashenzari
Dithmenos
Elyvilon
Gozag
Makhleb
Okawaru
Ru
Sif Muna
Uskayaw
Vehumet
Wu Jian
Xom
Zin

Shops:
D:3 *   D:5 =


Innate Abilities, Weirdness & Mutations

You are immune to sickness and miasma.
Your stone body is resilient. (AC +6)
You are immune to poison.
You resist negative energy. (rN+)
You are resistant to electric shocks. (rElec)
You are resistant to unholy torment.
You are immune to petrification.


Message History

You are no longer corroded.
w - 3 scrolls labelled XOLAKU MOUD (gained 2)
You now have 333 gold pieces (gained 15).
Found a radiant altar of Vehumet.
Found 24 arrows.
A two-headed ogre comes into view. It is wielding two +0 giant clubs.
Found a curved glowing staff.
A centaur comes into view.
The centaur wields a +0 shortbow.
The centaur shoots an arrow.
The arrow barely misses you.
The centaur shoots an arrow.
The arrow barely misses you.
You hear a shout!
The centaur shoots an arrow.
The arrow closely misses you.
You fade into invisibility!
The centaur shoots an arrow.
The arrow hits the two-headed ogre.
The centaur shoots an arrow.
The arrow hits the two-headed ogre.
The two-headed ogre hits you with a +0 giant club.
The two-headed ogre hits you with a +0 giant club!
You closely miss the two-headed ogre.
The two-headed ogre is lightly wounded.
The centaur shoots an arrow.
The arrow barely misses the two-headed ogre.
The arrow closely misses you.
You thump the two-headed ogre!
The two-headed ogre is moderately wounded.
The centaur shoots an arrow.
The arrow hits the two-headed ogre.
The two-headed ogre barely misses you.
The two-headed ogre hits you with a +0 giant club!
A centaur comes into view.
You thump the two-headed ogre!
The two-headed ogre is heavily wounded.
The two-headed ogre barely misses you.
The two-headed ogre hits you with a +0 giant club!
* * * LOW HITPOINT WARNING * * *
You sock the two-headed ogre!
The two-headed ogre is severely wounded.
The centaur shoots an arrow.
The arrow closely misses the two-headed ogre.
The two-headed ogre hits you with a +0 giant club!!
You die...

. #... #### .. #..
#..
...#..##.#########
#...c...........#
.#.....#..####.#
#.....#c.# #.#
#....|.#..####.#
.........#c.##<#.#
.###.....#..O@.#.#
.......#.###.#.#####
#########.###.......#
##.....#####.#
#......⌠#⌠...#
#.##..#####..##
#.#.....#.....#
#.#.#...#...#.#
#.#⌠#.._#_..#⌠#


You could see a two-headed ogre and a centaur.

Vanquished Creatures
  An ice beast (D:4)
  A necrophage (D:5)
  A black bear (D:5)
  An ogre (D:5)
  4 scorpions
  A wyvern zombie (D:5)
  3 wights (D:5)
  A centaur zombie (D:5)
  A jelly (D:6)
  An orc priest (D:2)
  2 hounds (D:5)
  Crazy Yiuf (D:3)
  An iguana (D:4)
  Jessica (D:3)
  A bullfrog skeleton (D:5)
  2 orc wizards
  A hound skeleton (D:4)
  Robin (D:3)
  4 adders
  3 gnolls
  3 dart slugs
  2 worms
  11 orcs
  14 ball pythons
  13 endoplasms
  3 giant cockroaches
  23 goblins
  10 hobgoblins
  3 jackals (D:3)
  2 quokkas
  3 bats
  6 frilled lizards
  7 kobolds
  6 rats
138 creatures vanquished.

Vanquished Creatures (collateral kills)
  An ogre (D:5)
  An ice beast (D:5)
  A phantom (D:5)
  A scorpion (D:5)
  A water moccasin skeleton (D:5)
  2 iguanas (D:5)
7 creatures vanquished.

Vanquished Creatures (others)
  A fungus (D:1)
  5 plants (D:1)
6 creatures vanquished.

Grand Total: 151 creatures vanquished

Notes
Turn   | Place    | Note
-------+----------+-------------------------------------------
     0 | D:1      | Froggeryz the Gargoyle Enchanter began the quest for the
                  | Orb.
     0 | D:1      | Reached XP level 1. HP: 10/10 MP: 3/3
    40 | D:1      | Reached skill level 1 in Armour
   292 | D:1      | Reached XP level 2. HP: 3/16 MP: 5/5
   320 | D:1      | Reached skill level 1 in Fighting
   593 | D:1      | Found a faded altar of an unknown god.
   601 | D:1      | Got Plato's Grimoire of Transmutation
  1230 | D:1      | Reached skill level 1 in Maces & Flails
  1308 | D:1      | Reached XP level 3. HP: 16/20 MP: 6/6
  2324 | D:2      | Reached skill level 2 in Maces & Flails
  2609 | D:2      | Reached XP level 4. HP: 4/25 MP: 7/7
  3047 | D:2      | Found an ornate altar of the Wu Jian Council.
  3622 | D:2      | HP: 1/25 [something (1)]
  3656 | D:2      | Reached skill level 3 in Maces & Flails
  3656 | D:2      | HP: 1/37 [orc (3)]
  4048 | D:2      | Reached skill level 4 in Maces & Flails
  4048 | D:2      | Reached XP level 5. HP: 2/29 MP: 8/8
  4804 | D:3      | Noticed Jessica
  4808 | D:3      | Killed Jessica
  4813 | D:3      | Reached XP level 6. HP: 27/34 MP: 9/9
  4820 | D:3      | Reached skill level 5 in Maces & Flails
  5064 | D:3      | Found Waeth's Assorted Antiques.
  5093 | D:3      | Bought a scroll labelled GIMANWY EDDIY for 23 gold pieces
  5093 | D:3      | Bought a scroll labelled GIMANWY EDDIY for 23 gold pieces
  5243 | D:3      | Found a runed translucent door.
  5244 | D:3      | Noticed Crazy Yiuf
  5397 | D:3      | Noticed Robin
  5697 | D:3      | Killed Robin
  6106 | D:3      | Killed Crazy Yiuf
  6344 | D:4      | Reached skill level 6 in Maces & Flails
  6344 | D:4      | Reached skill level 1 in Throwing
  6505 | D:4      | Reached XP level 7. HP: 35/38 MP: 10/10
  7360 | D:5      | Entered Level 5 of the Dungeon
  7485 | D:5      | Reached skill level 7 in Maces & Flails
  7515 | D:5      | Found a staircase to the Ecumenical Temple.
  7524 | D:5      | Found Pien Vog's Jewellery Boutique.
  7571 | D:5      | Reached XP level 8. HP: 43/43 MP: 11/11
  7595 | D:5      | Reached skill level 8 in Maces & Flails
  7760 | Temple   | Entered the Ecumenical Temple
  7795 | Temple   | Became a worshipper of Warmaster Okawaru
  7939 | D:5      | Reached skill level 9 in Maces & Flails
  8066 | D:5      | Reached XP level 9. HP: 47/47 MP: 12/12
  8277 | D:6      | Found an ornate altar of the Wu Jian Council.
  8278 | D:6      | Found a broken altar of Ashenzari.
  8279 | D:6      | Found a shimmering altar of Xom.
  8298 | D:6      | Found a radiant altar of Vehumet.
  8317 | D:6      | Noticed a two-headed ogre
  8332 | D:6      | Mangled by a two-headed ogre

Illustrated notes

Levels and vault maps discovered:
D:1:      giann_bridges, layout_basic, shapermc_ecumenical_altar_rom_forum,
          chequers_garden
D:2:      minmay_recursive_quarters, layout_basic, basic_altar,
          grunt_ministairs_15
D:3:      kennysheep_goblin_castle, layout_rooms, serial_shops,
          nicolae_square_shop, mrwooster_statue_mirror, uniq_jessica,
          uniq_crazy_yiuf_cottage
D:4:      layout_layer_cave
D:5:      layout_basic, minmay_temple_entry_ruins, serial_shops,
          nicolae_inconvenience_store, amcnicky_mini_pool_medium
D:6:      layout_basic, nicolae_hepliaklqana_monster_ancestors,
          nicolae_overflow_quartered_altars, minmay_manual_mares, uniq_duvessa,
          uniq_pikel
Temple:   nicolae_temple_great_sept

Skill      XL: |  1  2  3  4  5  6  7  8 |
---------------+-------------------------+-----
Armour         | 1 2 |  2.1
Fighting       | 1 |  1.0
Maces & Flails | 1 2 4 6 7 9 |  9.5
Throwing       | 1 3 4 |  4.6
Short Blades   | |  0.8
Dodging        | |  1.5
Stealth        | |  3.2
Spellcasting   | |  2.0
Hexes          | |  2.6

Action                   |  1- 3 |  4- 6 |  7- 9 || total
-------------------------+-------+-------+-------++-------
Melee: Dagger            |   184 |   100 |       ||   284
       Mace              |       |   165 |   175 ||   340
Throw: Boomerang         |       |     4 |       ||     4
  Use: Potion            |     2 |     2 |     1 ||     5
       Scroll            |       |     4 |     4 ||     8
 Stab: Sleeping          |     8 |     1 |     2 ||    11
Armor: Robe              |    58 |    43 |       ||   101
       Skin              |     6 |    26 |       ||    32
       Scale mail        |       |    90 |       ||    90
       Ring mail         |       |    24 |    97 ||   121
Dodge: Dodged            |   104 |   145 |   116 ||   365

Table legend: (Time is in decaauts)
 A = Elapsed time spent in this place.
 B = Non-inter-level travel time spent in this place.
 C = Inter-level travel time spent in this place.
 D = Time resting spent in this place.
 E = Time spent auto-exploring this place.
 F = Levels seen in this place.
 G = Mean time per level.
                   A        B        C        D        E       F      G
               +--------+--------+--------+--------+--------+-----+--------+
         Total |   8361 |   8015 |    346 |   3112 |   3313 |   7 | 1194.4 |
       Dungeon |   8314 |   7988 |    326 |   3112 |   3294 |   6 | 1385.7 |
        Temple |     47 |     27 |     20 |      0 |     19 |   1 |   47.0 |
               +--------+--------+--------+--------+--------+-----+--------+

Top non-repeatable levels by time:
     D:2: 3345 daAuts
     D:1: 1540 daAuts
     D:3: 1342 daAuts
     D:4: 1226 daAuts
     D:5: 785 daAuts
     D:6: 72 daAuts
  Temple: 47 daAuts
